 Seeded DCSS version 0.32-a0-999-gfa1cc04b1d (webtiles) character file.

Game seed: 202404253 (custom seed)

72 Orlauf the Slasher (level 4, -2/35 HPs)
             Began as a Demonspawn Gladiator on Apr 25, 2024.
             Slain by Ijyb
             ... wielding a +2 dagger of holy wrath
              (8 damage)
             ... on level 3 of the Dungeon.
             The game lasted 00:02:04 (1712 turns).

Orlauf the Slasher (Demonspawn Gladiator)           Turns: 1712, Time: 00:02:05

Health: -2/35      AC:  3    Str: 16    XL:     4   Next: 7%
Magic:  0/4        EV: 13    Int:  8    God:
Gold:   1040       SH:  0    Dex: 15    Spells: 3/3 levels left

rFire   . . .        a - +0 long sword
rCold   . . .        (no shield)
rNeg    . . .        b - +0 leather armour
rPois   .            (helmet restricted)
rElec   .            (no cloak)
rCorr   .            (no gloves)
SInv    .            (no boots)
Will    .....        h - amulet of guardian spirit
Stlth   +            (no ring)
HPRegen 0.25/turn    (no ring)
MPRegen 0.09/turn

%: guardian spirit
@: no status effects
A: antennae 1, repulsion field 1, powered by pain 1
a: no special abilities


You were on level 3 of the Dungeon.
You visited 1 branch of the dungeon, and saw 3 of its levels.

You collected 1040 gold pieces.

Inventory:

Hand Weapons
 a - a +0 long sword (weapon)
Missiles
 d - 2 throwing nets (quivered)
 e - a javelin
 g - 9 poisoned darts
Armour
 b - a +0 leather armour (worn)
 c - a +1 helmet
Jewellery
 h - an amulet of guardian spirit (around neck)
Scrolls
 i - a scroll of teleportation {unknown}
 j - a scroll of identify
Potions
 f - 2 potions of lignification
 k - a potion of might
 l - a potion of attraction


   Skills:
 + Level 3.0 Fighting
 * Level 4.0 Long Blades
 - Level 1.7 Throwing
 - Level 2.6 Dodging


You had 3 spell levels left.
You didn't know any spells.
Your spell library contained the following spells:

 Spells                   Type           Power      Damage    Failure   Level
 Volatile Blastmotes      Fire/Tloc      0%         2d10      85%         3
 Vhi's Electric Charge    Tloc/Air       0%         N/A       99%         4
 Gell's Gavotte           Tloc           0%         2d(11-16) 100%        6


Dungeon Overview and Level Annotations

Branches:
Dungeon (3/15)

Altars:

Annotations:
D:3 Ijyb


Innate Abilities, Weirdness & Mutations

You have a pair of small antennae on your head.
You are surrounded by a mild repulsion field. (EV +2)
You sometimes gain a little power by taking damage.


Message History

Your body is wracked with pain!
You focus on the pain.
You feel your power returning.
It was a scroll of torment.
As you read the scroll labelled BOOBRUWAMYG, it crumbles to dust.
The air around you briefly surges with heat, but it dissipates.
It was a scroll of immolation.
This is a scroll of acquirement!
Something appears at your feet!
You now have 1040 gold pieces (gained 929).
As you read the scroll of identify, it crumbles to dust.
k - a potion of might
As you read the scroll of identify, it crumbles to dust.
l - a potion of attraction Done exploring.
There is a stone staircase leading up here.
There is a stone staircase leading down here.
You climb downwards.
There is a stone staircase leading up here.
i - a scroll labelled VIROANKAEQUURA Ijyb the Inquisitive comes into view.
She is wielding a +2 dagger of holy wrath and carrying a wand of flame.
Found a scroll labelled FABRAFRETI.
Ijyb shouts!
Ijyb grins evilly.
Ijyb zaps a wand.
The puff of flame hits you.
Ijyb hits you with a +2 dagger of holy wrath.
You convulse.
You slash Ijyb!
Ijyb is moderately wounded.
Ijyb hits you with a +2 dagger of holy wrath.
You convulse.
You are too injured to fight recklessly!
You are too injured to fight recklessly!
Throw: 3 throwing nets
Press: ? - help, Q - select action, (/) - cycle Shift-Dir - straight line, f - Ijyb
Aim: Ijyb, wielding a +2 dagger of holy wrath, wearing a +0 scale mail and carrying a wand of flame (moderately wounded, 52% to hit)
You throw a throwing net. The throwing net closely misses Ijyb.
Ijyb hits you with a +2 dagger of holy wrath.
* * * LOW HITPOINT WARNING * * *
You convulse!
You die...
Ijyb moans, "Good help so hard to find!"

## #.# #..##+ #.#
.#..#.. #.# ....... #
#.# #..... #.#.#
#..#..####.#.########
#........#..........#
?..#...#.###.#####.##
#..@#.......#<#.#
#.g.#.....#.#.#.##
#(..#...###.#....#
###.###.# ###### ...
..# #######


You could see Ijyb.

Vanquished Creatures
  2 adders (D:2)
  2 dart slugs (D:2)
  An endoplasm (D:1)
  2 giant cockroaches (D:2)
  3 goblins
  12 hobgoblins
  2 quokkas
  6 ball pythons
  3 bats
  5 frilled lizards
  5 kobolds
  5 rats
48 creatures vanquished.

Notes
Turn   | Place    | Note
-------+----------+-------------------------------------------
     0 | D:1      | Orlauf the Demonspawn Gladiator began the quest for the
                  | Orb.
     0 | D:1      | Reached XP level 1. HP: 16/16 MP: 1/1
   162 | D:1      | Reached skill level 3 in Long Blades
   273 | D:1      | Gained mutation: You are surrounded by a mild repulsion
                  | field. (EV +2) [demonic ancestry]
   273 | D:1      | Reached XP level 2. HP: 22/22 MP: 2/2
   942 | D:2      | Gained mutation: You sometimes gain a little power by
                  | taking damage. [demonic ancestry]
   942 | D:2      | Reached XP level 3. HP: 28/28 MP: 3/3
  1390 | D:2      | Gained mutation: You have a pair of small antennae on your
                  | head. [demonic ancestry]
  1390 | D:2      | Reached XP level 4. HP: 35/35 MP: 4/4
  1393 | D:2      | Reached skill level 4 in Long Blades
  1583 | D:2      | Identified a scroll of acquirement
  1583 | D:2      | Acquired 929 gold pieces
  1708 | D:3      | Noticed Ijyb
  1712 | D:3      | Slain by Ijyb

Illustrated notes

Levels and vault maps discovered:
D:1:      dpeg_arrival_simpleton_c, layout_basic,
          nicolae_concentric_dashed_squares_mild, nicolae_twisty_statue_hallways
D:2:      minmay_razor_zed, layout_rooms
D:3:      layout_basic, shapermc_ecumenical_altar_mp_urbaneastern, serial_shops,
          nicolae_square_shop, uniq_ijyb

Skill      XL: |  1  2  3  4 |
---------------+-------------+-----
Long Blades    | 3 4 |  4.0
Fighting       | 3 |  3.0
Throwing       | |  1.7
Dodging        | |  2.6

Action                     |  1- 3 |  4- 6 || total
---------------------------+-------+-------++-------
  Melee: Long sword        |   121 |     9 ||   130
  Throw: Throwing net      |       |     1 ||     1
    Use: Scroll            |     3 |     5 ||     8
   Stab: Sleeping          |     2 |       ||     2
 Armour: Leather armour    |    98 |     6 ||   104
  Dodge: Dodged            |    95 |     7 ||   102

Table legend: (Time is in decaauts)
 A = Elapsed time spent in this place.
 B = Non-inter-level travel time spent in this place.
 C = Inter-level travel time spent in this place.
 D = Time resting spent in this place.
 E = Time spent auto-exploring this place.
 F = Levels seen in this place.
 G = Mean time per level.
                   A        B        C        D        E       F      G
               +--------+--------+--------+--------+--------+-----+--------+
         Total |   1741 |   1690 |     51 |     71 |   1305 |   3 |  580.3 |
       Dungeon |   1741 |   1690 |     51 |     71 |   1305 |   3 |  580.3 |
               +--------+--------+--------+--------+--------+-----+--------+

Top non-repeatable levels by time:
     D:2: 907 daAuts
     D:1: 809 daAuts
     D:3: 25 daAuts
